 Dungeon Crawl Stone Soup version 0.28.0-47-ge53b351184 (webtiles) character file.

Game seed: 15487528085903021659

16617 H0rd4k the Eclecticist (level 12, -10/64 HPs)
             Began as a Deep Elf Hedge Wizard on Apr 26, 2022.
             Was an Initiate of Gozag.
             Mangled by a yak (12 damage)
             ... on level 1 of the Lair of Beasts on Apr 28, 2022.
             The game lasted 00:40:30 (24499 turns).

H0rd4k the Eclecticist (Deep Elf Hedge Wizard)     Turns: 24499, Time: 00:40:30

Health: -10/64     AC:  6    Str:  7    XL:     12   Next: 11%
Magic:  20/44      EV: 14    Int: 39    God:    Gozag
Gold:   690        SH:  5    Dex: 14    Spells: 30/45 levels left

rFire   + . .      SeeInvis .   C - +10 rapier "Otusebim" {venom, *Rage rF+ Int+8}
rCold   . . .      Faith    .   (no shield)
rNeg    . . .      Spirit   .   E - +2 robe {Archmagi}
rPois   .          Reflect  +   c - +2 hat
rElec   .          Harm     .   (no cloak)
rCorr   .          Rampage  .   (no gloves)
Will    +....      Archmagi +   (no boots)
Stlth   ++........ Rage     20% L - amulet of reflection
HPRegen 0.20/turn               B - +6 ring of intelligence
MPRegen 0.29/turn               l - ring of magical power

@: about to teleport, slowed, studying 2 skills, very slow
A: no striking features
a: Renounce Religion, Potion Petition, Call Merchant, Bribe Branch


You were on level 1 of the Lair of Beasts.
You worshipped Gozag.
Gozag was pleased with you.
You visited 3 branches of the dungeon, and saw 14 of its levels.
You also visited: Bailey.

You collected 2169 gold pieces.
You spent 427 gold pieces at shops.
You paid 1052 gold pieces to Gozag.

Inventory:

Hand Weapons
 p - the +9 hunting sling of Charity {vorpal, Int+3}
   (You found it on level 4 of the Dungeon)

   Any ammunition fired from it inflicts extra damage upon your enemies.
   Int:       It affects your intelligence (+3).
 C - the +10 rapier "Otusebim" (weapon) {venom, *Rage rF+ Int+8}
   (You bought it in a shop on level 3 of the Dungeon)

   It poisons the flesh of those it strikes.
   Int:       It affects your intelligence (+8).
   rF:        It protects you from fire.
   *Rage:     It berserks you when you make melee attacks (+20% chance).
Missiles
 m - a throwing net
 A - 107 sling bullets
Armour
 c - a +2 hat (worn)
 E - a +2 robe of the Archmagi (worn)
 H - the +7 chain mail of Snakes and Ladders {+Inv rC+ Str+2 Slay+3}
   (You found it on level 10 of the Dungeon)

   Str:       It affects your strength (+2).
   Slay:      It affects your accuracy & damage with ranged weapons and melee
   (+3).
   rC:        It protects you from cold.
   +Inv:      It lets you turn invisible.
Magical Staves
 s - a staff of earth
Jewellery
 l - a ring of magical power (right hand)
 B - a +6 ring of intelligence (left hand)
 L - an amulet of reflection (around neck)
Wands
 v - a wand of digging (23)
Scrolls
 d - 3 scrolls of teleportation
 g - a scroll of acquirement {unknown}
 h - 4 scrolls of magic mapping
 n - a scroll of holy word {unknown}
 o - a scroll of torment {unknown}
 r - a scroll of enchant weapon {unknown}
 u - 5 scrolls of fog
 D - 2 scrolls of enchant armour
 J - a scroll of fear
Potions
 e - 2 potions of magic
 f - 2 potions of curing
 j - 2 potions of flight
 k - a potion of resistance
 q - a potion of brilliance {unknown}
 t - 2 potions of invisibility
 w - a potion of berserk rage {unknown}
 x - 2 potions of lignification
 z - a potion of cancellation {unknown}
 M - a potion of ambrosia {unknown}
Miscellaneous
 b - a condenser vane (inert)
 I - a box of beasts (inert)


   Skills:
 + Level 2.8 Fighting
 + Level 6.1 Dodging
 - Level 2.4 Stealth
 + Level 17.0 Spellcasting
 + Level 11.2 Conjurations
 + Level 1.2 Summonings
 + Level 8.5 Translocations
 + Level 3.4 Fire Magic
 + Level 2.9 Air Magic
 + Level 3.6 Poison Magic
 + Level 1.1 Evocations


You had 30 spell levels left.
You knew the following spells:

 Your Spells              Type           Power      Damage    Failure   Level
a - Magic Dart            Conj           100%       1d8       0%          1
b - Blink                 Tloc           100%       N/A       1%          2
c - Conjure Flame         Conj/Fire      94%        6-21      1%          3
d - Mephitic Cloud        Conj/Pois/Air  88%        N/A       1%          3
e - Gell's Gravitas       Tloc           100%       N/A       1%          3
f - Teleport Other        Tloc           100%       N/A       1%          3

Your spell library contained the following spells:

 Spells                   Type           Power      Damage    Failure   Level
 Beastly Appendage        Tmut           98%        N/A       1%          1
 Shock                    Conj/Air       100%       1d9       1%          1
 Slow                     Hex            100%       N/A       1%          1
 Call Imp                 Summ           59%        N/A       1%          2
 Corpse Rot               Necr/Air       100%       N/A       1%          2
 Poisonous Vapours        Pois/Air       100%       N/A       1%          2
 Wereblood                Tmut           49%        N/A       1%          2
 Lesser Beckoning         Tloc           100%       N/A       1%          3
 Portal Projectile        Hex/Tloc       100%       N/A       1%          3
 Spider Form              Tmut/Pois      63%        N/A       1%          3
 Swiftness                Air            71%        N/A       1%          3
 Confusing Touch          Hex            49%        N/A       2%          3
 Vampiric Draining        Necr           49%        2d9       2%          3
 Airstrike                Air            35%        N/A       2%          4
 Blade Hands              Tmut           24%        N/A       26%         5
 Excruciating Wounds      Necr           24%        N/A       26%         5


Dungeon Overview and Level Annotations

Branches:
Dungeon (11/15)            Temple (1/1) D:5            Lair (2/6) D:9
 Spider (0/4) Lair:2       Bailey (visited)
  Swamp: Lair:2-4    Shoals: Lair:2-4       Orc: D:9-12

Altars:
Ashenzari
Cheibriados
Dithmenos
Elyvilon
Fedhas
Gozag
Hepliaklqana
Kikubaaqudgha
Makhleb
Nemelex Xobeh
Okawaru
Qazlal
Ru
Sif Muna
Trog
Uskayaw
Vehumet
Wu Jian
Xom
Yredelemnul
Zin
The Shining One

Shops:
D:3 *   D:9 (*

Annotations:
D:1 exclusion: downstairs
D:2 exclusion: downstairs
D:3 2 transporters, exclusion: 3 downstairs, Sobaton's ghost, amateur HOFi
D:4 Grinder
D:5 exclusion: upstairs
D:6 2 runed translucent doors, exclusions: deep elf pyromancer, 2 doors and 2 downstairs, dandone's ghost, novice GrFi
D:8 2 transporters, exclusion: downstairs, Grum; ciphuk's ghost, novice GnVM


Message History

A basilisk comes into view.
The cane toad barely misses you.
The cane toad stings you but does no damage.
Casting: Blink (safe; 1% risk of failure)
Confirm with . or Enter, or press ? or * to list all spells.
You feel a surge of power!
You blink.
The basilisk hisses angrily.
The basilisk gazes at you.
You easily resist.
You block the cane toad's attack. The cane toad closely misses you.
The basilisk gazes at you.
You easily resist.
The cane toad barely misses you.
There is a stone staircase leading up here.
The cane toad stings you! The cane toad stings you.
* * * LOW HITPOINT WARNING * * *
You climb upwards.
A yak comes into view.
The yak gores you but does no damage. The yak barely misses you.
A yak comes into view.
There is a stone staircase leading down here.
Casting: Blink (safe; 1% risk of failure)
Confirm with . or Enter, or press ? or * to list all spells.
You feel a surge of power!
You blink. 2 yaks and a wolf come into view.
Found 14 gold pieces.
The yak bellows!
The wolf howls!
You hear a bellow! x2
A yak comes into view. x2
The yak bellows!
You hear a bellow!
The yak barely misses you. You block the yak's attack.
As you read the scroll of teleportation, it crumbles to dust.
You feel strangely unstable. The yak gores you!
* * * LOW HITPOINT WARNING * * *
The yak gores you!
* * * LOW HITPOINT WARNING * * *
Unknown command.
The yak gores you!
You die...
Your body crumbles into a pile of gold.

#....>##.h.#...8
#.....###hS#...
#.....Yh.##.....
######.S.# ....#
$ #Y### 8. #h#
#F# #Y# #@# #.#
#.# ... #.# #.#
#.# #.P


You could see 3 yaks, a cane toad (drained), a water moccasin and 2 wolves.

Vanquished Creatures
  5 two-headed ogres (D:9)
  Sonja (Lair:2)
  An orc knight (Bailey)
  A black mamba (Lair:1)
  A cane toad (Lair:1)
  A yaktaur (D:11)
  2 trolls
  A hornet (D:5)
  2 blink frogs (Lair:1)
  Sigmund (D:5)
  A shadow (D:9)
  3 wraiths (D:10)
  14 yaks
  A wyvern (D:9)
  3 steam dragons (D:8)
  An acid dragon (D:9)
  A water moccasin (Lair:1)
  An ice beast (D:4)
  12 orc warriors
  2 hornet zombies
  An ogre (D:6)
  6 necrophages
  3 centaurs
  2 phantoms
  2 kobold brigands
  3 gnoll sergeants
  7 bullfrogs
  A wyvern zombie (D:9)
  3 scorpions
  6 killer bees
  2 howler monkeys
  18 wights
  A crimson imp (D:10)
  6 centaur zombies
  3 orc priests
  A bullfrog skeleton (D:7)
  4 hounds
  A centaur skeleton (D:6)
  4 iguanas
  A scorpion zombie (D:5)
  15 orc wizards
  A hound zombie (D:5)
  2 mummies (D:11)
  Robin (D:2)
  15 gnolls
  7 adders
  A shadow imp (D:5)
  2 white imps
  A dart slug (D:1)
  5 worms
  42 orcs
  9 endoplasms
  5 giant cockroaches
  16 goblins
  13 hobgoblins
  16 kobolds
  5 quokkas
  13 ball pythons
  4 bats
  9 frilled lizards
  6 rats
318 creatures vanquished.

Vanquished Creatures (others)
  An orc wizard (D:8)
  4 fungi (Lair:1)
  57 plants
  3 withered plants (D:11)
65 creatures vanquished.

Grand Total: 383 creatures vanquished

Notes
Turn   | Place    | Note
-------+----------+-------------------------------------------
     0 | D:1      | H0rd4k the Deep Elf Hedge Wizard began the quest for the
                  | Orb.
     0 | D:1      | Reached XP level 1. HP: 10/10 MP: 7/7
   217 | D:1      | Reached XP level 2. HP: 11/15 MP: 1/9
   339 | D:1      | Reached skill level 5 in Spellcasting
  1024 | D:1      | Reached XP level 3. HP: 19/19 MP: 9/12
  1027 | D:1      | Learned a level 2 spell: Blink
  1031 | D:1      | Learned a level 3 spell: Conjure Flame
  1035 | D:1      | Learned a level 3 spell: Mephitic Cloud
  1479 | D:2      | Reached skill level 1 in Air Magic
  2356 | D:2      | Reached XP level 4. HP: 24/24 MP: 10/13
  2490 | D:2      | Reached skill level 6 in Spellcasting
  2604 | D:2      | Reached skill level 1 in Fire Magic
  2884 | D:2      | Reached skill level 1 in Poison Magic
  3219 | D:2      | Found a radiant altar of Vehumet.
  3647 | D:2      | Reached XP level 5. HP: 28/28 MP: 11/15
  4340 | D:3      | Found Masaank's Assorted Antiques.
  4838 | D:3      | Noticed Robin
  4867 | D:2      | Killed Robin
  5218 | D:3      | Reached XP level 6. HP: 32/32 MP: 14/17
  5268 | D:3      | Found a faded altar of an unknown god.
  5308 | D:3      | Found a transporter.
  5315 | D:3      | Noticed Sobaton's ghost (amateur HOFi)
  5398 | D:3      | Reached skill level 7 in Spellcasting
  5475 | D:3      | Found a transporter.
  5822 | D:3      | Learned a level 3 spell: Gell's Gravitas
  5826 | D:3      | Learned a level 3 spell: Teleport Other
  5853 | D:4      | Noticed an ice beast
  6976 | D:4      | Identified the +9 hunting sling of Charity {vorpal, Int+3}
  7069 | D:4      | Found a basalt altar of Yredelemnul.
  7130 | D:4      | Noticed Grinder
  7224 | D:4      | Found a hazy altar of Hepliaklqana.
  7357 | D:5      | Entered Level 5 of the Dungeon
  7357 | D:5      | Noticed Sigmund
  7367 | D:5      | Killed Sigmund
  7368 | D:5      | Reached skill level 8 in Spellcasting
  7368 | D:5      | Reached XP level 7. HP: 26/36 MP: 3/20
  8101 | D:5      | Found a staircase to the Ecumenical Temple.
  8119 | Temple   | Entered the Ecumenical Temple
  8338 | Temple   | Became a worshipper of Gozag Ym Sagoz the Greedy
  8761 | D:5      | Noticed a hornet
  8769 | D:5      | Killed a hornet
  8770 | D:5      | Reached skill level 5 in Conjurations
  8770 | D:5      | Reached XP level 8. HP: 28/42 MP: 10/22
  9252 | D:4      | Reached skill level 9 in Spellcasting
  9365 | D:4      | Found a sparkling altar of Nemelex Xobeh.
 10798 | D:3      | Bought a bloodstained rapier for 243 gold pieces
 10798 | D:3      | Identified the +10 rapier "Otusebim" {venom, *Rage rF+
                  | Int+8} (You bought it in a shop on level 3 of the Dungeon)
 10921 | D:6      | Reached skill level 10 in Spellcasting
 11018 | D:6      | Noticed a deep elf pyromancer
 11320 | D:6      | Found an ancient bone altar of Kikubaaqudgha.
 11554 | D:6      | Found a large runed translucent door.
 11554 | D:6      | Found a large runed translucent door.
 11557 | D:6      | Noticed dandone's ghost (novice GrFi)
 11927 | D:6      | Reached XP level 9. HP: 46/46 MP: 18/25
 12010 | D:6      | Reached skill level 11 in Spellcasting
 12477 | D:7      | Reached skill level 5 in Translocations
 13389 | D:7      | HP: 2/44 [something/magic dart (9)]
 14302 | D:7      | Reached skill level 12 in Spellcasting
 14560 | D:8      | Noticed a troll
 14578 | D:8      | Killed a troll
 15086 | D:8      | Reached XP level 10. HP: 33/51 MP: 28/28
 15089 | D:8      | Reached skill level 1 in Fighting
 15694 | D:8      | Found a transporter.
 15694 | D:8      | Noticed Grum
 15943 | D:8      | Reached skill level 13 in Spellcasting
 16223 | D:8      | Noticed ciphuk's ghost (novice GnVM)
 16237 | D:8      | Found a transporter.
 16237 | D:8      | Identified the +4 kite shield of the Grue {rC- Regen+
                  | Dex+4}
 16239 | D:8      | Identified the ring of the Scarab {rN+ Str+4}
 16729 | D:9      | Found a broken altar of Ashenzari.
 16734 | D:9      | Found a staircase to the Lair.
 16892 | D:9      | Noticed a two-headed ogre
 16895 | D:9      | Noticed a two-headed ogre
 16898 | D:9      | Killed a two-headed ogre
 16904 | D:9      | Killed a two-headed ogre
 16905 | D:9      | Reached skill level 5 in Dodging
 16905 | D:9      | Reached skill level 14 in Spellcasting
 17655 | D:9      | Noticed a two-headed ogre
 17670 | D:9      | Noticed a two-headed ogre
 17671 | D:9      | Killed a two-headed ogre
 17672 | D:9      | Reached skill level 10 in Conjurations
 17679 | D:9      | Killed a two-headed ogre
 17680 | D:9      | Reached XP level 11. HP: 45/56 MP: 6/31
 17845 | D:9      | Noticed a two-headed ogre
 17865 | D:9      | Killed a two-headed ogre
 17866 | D:9      | Reached skill level 15 in Spellcasting
 18510 | D:9      | Found a glowing golden altar of the Shining One.
 18512 | D:9      | Found a sacrificial altar of Ru.
 19036 | D:10     | Entered Level 10 of the Dungeon
 19039 | D:10     | Identified the +7 chain mail of Snakes and Ladders {+Inv
                  | rC+ Str+2 Slay+3}
 19246 | D:10     | Found a flagged portal.
 19250 | Bailey   | Entered a bailey
 19764 | Bailey   | Noticed an orc knight
 19775 | Bailey   | Killed an orc knight
 20709 | D:10     | Found a shimmering blue altar of Sif Muna.
 20867 | D:10     | Reached skill level 1 in Evocations
 21334 | D:10     | Reached skill level 16 in Spellcasting
 23954 | D:9      | Bought a polished short sword for 184 gold pieces
 23954 | D:9      | Identified the +4 short sword of the Three Wars {freeze,
                  | rElec rN+} (You bought it in a shop on level 9 of the
                  | Dungeon)
 24000 | Lair:1   | Entered Level 1 of the Lair of Beasts
 24374 | Lair:1   | Reached XP level 12. HP: 59/62 MP: 29/34
 24410 | Lair:1   | Reached skill level 17 in Spellcasting
 24415 | Lair:2   | Noticed Sonja
 24448 | Lair:2   | Found a hole to the Spider Nest.
 24479 | Lair:2   | Killed Sonja
 24497 | Lair:1   | HP: 1/64 [yak (11)]
 24499 | Lair:1   | Mangled by a yak

Illustrated notes

Levels and vault maps discovered:
D:1:      scummos_arrival_star, layout_basic, minmay_tromino_v4_a
D:2:      layout_loops_ring, serial_forest, infiniplex_forest_lined_3,
          infiniplex_forest_clump_large, infiniplex_forest_lined_2,
          infiniplex_forest_clump_curved, infiniplex_forest_diagonal,
          basic_altar, st_stairs_6, chequers_hall_statues_wall_a, minmay_puff
D:3:      layout_loops_corners, gammafunk_ghost_arena, serial_shops, shop,
          shapermc_ecumenical_altar_venn, grunt_ministairs_10, uniq_robin
D:4:      layout_basic, mainiacjoe_overflow_cross_hatched, kennysheep_mini,
          nemelex_spade_bored_becter, uniq_grinder
D:5:      layout_loops_ring, minmay_temple_entry_statues_fountains, uniq_sigmund
D:6:      layout_loops_corners, general_overflow_altar,
          ebering_ghost_disaster_area, chequers_serial_rivers_large_b,
          guppyfry_early_elven_hall
D:7:      layout_gridville, minmay_misc_feat_square, serial_bayou_pond_c,
          minmay_a_box_with_orc_wizards_in_it
D:8:      layout_rooms, gammafunk_ghost_gnarly_gnolls, minmay_fractal_squares_5
D:9:      minmay_s_stair_smasher, layout_loops_ring, nicolae_ashenzari_skybound,
          minitemple, lair_entry_dummy
D:10:     layout_cross, amcnicky_altar_gilded, enter_bailey_1,
          minmay_fire_ice_demons
D:11:     layout_irregular_city, serial_undead, serial_undead_c,
          serial_undead_e, serial_undead_d, serial_undead_f, serial_undead_c,
          serial_undead_c
Temple:   eino_temple_water
Lair:1:   lemuel_ratsnest, layout_misc_corridors, infiniplex_staircase_pool_2,
          grunt_megastairs_3, serial_bayou_shore_a
Lair:2:   layout_chaotic_city, dummy_spider_entry, lemuel_fruit_fields,
          infiniplex_staircase_pool, uniq_sonja, uniq_erica, uniq_fannar,
          uniq_maggie

Skill      XL: |  1  2  3  4  5  6  7  8  9 10 11 12 |
---------------+-------------------------------------+-----
Spellcasting   | 5 6 8 10 12 14 16 17 | 17.0
Air Magic      | 1 2 |  2.9
Fire Magic     | 1 2 3 |  3.4
Poison Magic   | 1 2 3 |  3.6
Conjurations   | 2 4 5 6 9 10 11 | 11.2
Dodging        | 3 4 5 6 |  6.1
Translocations | 2 3 4 5 6 8 |  8.5
Fighting       | 1 2 |  2.8
Evocations     | 1 |  1.1
Stealth        | |  2.4
Summonings     | |  1.2

Action                   |  1- 3 |  4- 6 |  7- 9 | 10-12 || total
-------------------------+-------+-------+-------+-------++-------
Melee: Dagger            |     7 |     1 |       |       ||     8
       Punch             |     1 |       |       |       ||     1
       Rapier            |       |       |       |     2 ||     2
 Cast: Magic Dart        |   147 |   247 |   469 |   533 ||  1396
       Conjure Flame     |     1 |    14 |    29 |    67 ||   111
       Mephitic Cloud    |     1 |     7 |    16 |    26 ||    50
       Blink             |     1 |     9 |     3 |    28 ||    41
       Gell's Gravitas   |       |       |       |    38 ||    38
Invok: Call Merchant     |       |       |       |     2 ||     2
Evoke: Wand              |       |       |       |     9 ||     9
       Box of beasts     |       |       |       |     1 ||     1
       Condenser vane    |       |       |       |     1 ||     1
  Use: Scroll            |       |       |     5 |    14 ||    19
       Potion            |       |       |     1 |     4 ||     5
 Stab: Distracted        |       |       |       |     1 ||     1
Armor: Robe              |     4 |    10 |     6 |    25 ||    45
Dodge: Dodged            |    27 |    59 |    46 |    87 ||   219
Block: Other             |       |       |       |     5 ||     5
